AoeStats
← ikbendom

Arabia

510725497Analyzed
1v1 RM · 14h ago on Oct 2, 2026· 25m 6s· 2 players
Game mode
Random Map
Map size
Tiny (2 player)
Population
200
Speed
Normal
Resources
Standard
Victory
Conquest
Starting age
Dark Age
Ending age
Imperial Age
RankedLock teamsTeams togetherTeam positionsShared explorationLock speedFull tech treeHidden civsTurbo modeCheats
Victory
Defeat
🇷🇺 Burgundians · Russia
937
+12
🇳🇱 Mongols · Netherlands
839
-23
romdestal
5:57 Loom
9:47 Feudal Age
8:40 Double-Bit Axe
9:56 Gold Mining
11:20 Bow Saw
15:29 Wheelbarrow
15:51 Horse Collar
18:59 Castle Age
17:39 Arson
20:25 Squires
ikbendom
10:24 Feudal Age
8:41 Loom
11:29 Double-Bit Axe
13:02 Wheelbarrow
12:20 Gold Mining
14:49 Fletching
16:29 Padded Archer Armor
22:47 Castle Age
21:28 Stone Mining
Connection lost

Rejoining the realm…

Still unreachable

The connection could not be restored.

Session expired

The server has moved on; the page needs a fresh start.